 Dungeon Crawl Stone Soup version 0.31.0-11-ge490571c62 (webtiles) character file.

Game seed: 3523766687219509255

123191 Bobbunny the Slayer (level 16, -15/147 (168) HPs)
             Began as a Minotaur Fighter on Feb 3, 2024.
             Was a High Priest of Okawaru.
             Killed from afar by a jorogumo (17 damage)
             ... with a bolt of negative energy
             ... on level 1 of the Spider Nest.
             The game lasted 00:34:39 (22130 turns).

Bobbunny the Slayer (Minotaur Fighter)             Turns: 22130, Time: 00:34:40

HP:   -15/147 (168) AC: 14    Str: 27    XL:     16   Next: 36%
MP:   20/20         EV:  6    Int:  8    God:    Okawaru [*****.]
Gold: 585           SH:  0    Dex: 12    Spells: 15/15 levels left

rFire   + + .        a - +0 war axe (vamp)
rCold   . . .        X - +0 kite shield
rNeg    . . .        J - +3 ring mail {rPois}
rPois   +            (helmet restricted)
rElec   .            (no cloak)
rCorr   +            (no gloves)
SInv    .            e - +2 pair of boots
Will    ++...        D - amulet of reflection
Stlth   +++          c - ring "Xeasymyg" {rF++ Will+ rCorr Int-3 Stlth+}
HPRegen 0.44/turn    R - ring "Muntuinn" {Int+6 Slay+2 Stlth+}
MPRegen 0.17/turn

%: reflection
@: held, studying Throwing, heavily drained
A: horns 2, retaliatory headbutt
a: Renounce Religion, Heroism, Finesse, Duel


You were on level 1 of the Spider Nest.
You worshipped Okawaru.
Okawaru was extremely pleased with you.
You visited 5 branches of the dungeon, and saw 22 of its levels.
You also visited: Bailey and Ice Cave.

You collected 1896 gold pieces.
You spent 1311 gold pieces at shops.

Inventory:

Hand Weapons
 a - a +0 vampiric war axe (weapon)
 O - a +2 morningstar of protection
 Z - a +0 broad axe
Missiles
 f - 37 poisoned darts
 z - 4 curare-tipped darts
 A - 10 silver javelins
 C - 5 throwing nets
 F - 17 darts of dispersal
 K - a javelin
 W - 6 boomerangs (quivered)
Armour
 e - a +2 pair of boots (worn)
 J - a +3 ring mail of poison resistance (worn)
 M - the +7 Kryia's mail coat {PotionHeal*2 rC+}
   (You found it on level 2 of the Lair of Beasts)

   PotionHeal*2: Potions heal its wearer twice as much.
   rC+:       It protects you from cold.
 T - the +5 scale mail of Hyolosa {rElec Int+3}
   (You found it on level 4 of the Lair of Beasts)

   Int+3:     It affects your intelligence (+3).
   rElec:     It insulates you from electricity.
 X - a +0 kite shield (worn)
Jewellery
 c - the ring "Xeasymyg" (left hand) {rF++ Will+ rCorr Int-3 Stlth+}
   (You bought it in a shop on level 2 of the Orcish Mines)

   [ring of resist corrosion]

   Int-3:     It affects your intelligence (-3).
   rF++:      It greatly protects you from fire.
   Will+:     It increases your willpower.
   rCorr:     It protects you from acid and corrosion.
   Stlth+:    It makes you more stealthy.
 g - a +4 ring of protection
 v - a ring of protection from cold
 D - an amulet of reflection (around neck)
 R - the ring "Muntuinn" (right hand) {Int+6 Slay+2 Stlth+}
   (You found it on level 4 of the Lair of Beasts)

   [ring of intelligence]

   Int+6:     It affects your intelligence (+6).
   Slay+2:    It affects your accuracy & damage with ranged weapons and melee
   (+2).
   Stlth+:    It makes you more stealthy.
 Y - a ring of resist corrosion
Wands
 G - a wand of roots (24)
 L - a wand of light (6)
 N - a wand of digging (15)
Scrolls
 b - 5 scrolls of fear
 h - 8 scrolls of blinking
 k - 3 scrolls of poison
 l - 4 scrolls of immolation
 r - 4 scrolls of enchant armour
 s - 4 scrolls of noise
 t - 6 scrolls of enchant weapon
 y - 2 scrolls of vulnerability
 E - a scroll of amnesia
 P - a scroll of torment
 U - a scroll of fog
 V - 2 scrolls of teleportation
Potions
 d - 3 potions of might
 i - 6 potions of haste
 j - 8 potions of brilliance
 m - 10 potions of heal wounds
 o - a potion of magic
 p - 6 potions of mutation
 q - 7 potions of resistance
 u - 5 potions of curing
 w - 2 potions of lignification
 x - 3 potions of attraction
 B - a potion of cancellation
 H - 3 potions of invisibility
 I - 2 potions of berserk rage
 Q - a potion of enlightenment
 S - a potion of ambrosia
Miscellaneous
 n - a phial of floods


   Skills:
 + Level 21.8 Fighting
 - Level 18.0 Axes
 + Level 10.2 Throwing
 + Level 11.2 Armour
 + Level 5.3 Dodging
 - Level 7.0 Shields
 + Level 7.2 Invocations


You had 15 spell levels left.
You didn't know any spells.
Your spell library contained the following spells:

 Spells                   Type           Power      Damage    Failure   Level
 Shock                    Conj/Air       0%         1d3       71%         1
 Hailstorm                Conj/Ice       0%         3d5       97%         3
 Swiftness                Air            0%         N/A       97%         3
 Airstrike                Air            0%         2d(0-16)  100%        4
 Lee's Rapid Deconstruct  Erth           0%         3d4*      100%        5
 Summon Ice Beast         Ice/Summ       Unusable   N/A       N/A         3
 Animate Armour           Summ/Erth      Unusable   N/A       N/A         4
 Summon Lightning Spire   Summ/Air       Unusable   N/A       N/A         4
 Sculpt Simulacrum        Ice/Alch       Unusable   N/A       N/A         6

Dungeon Overview and Level Annotations

Branches:
Dungeon (12/15)            Temple (1/1) D:5            Lair (5/5) D:8
  Swamp (0/4) Lair:2       Spider (2/4) Lair:3        Slime (0/5) Lair:4
    Orc (2/2) D:11            Elf (0/3) Orc:2        Bailey (visited)
  IceCv (visited)

Altars:
Ashenzari
Cheibriados
Dithmenos
Elyvilon
Fedhas
Gozag
Hepliaklqana
Kikubaaqudgha
Makhleb
Nemelex Xobeh
Okawaru
Qazlal
Ru
Sif Muna
Trog
Uskayaw
Vehumet
Wu Jian
Xom
Yredelemnul
Zin
The Shining One

Shops:
D:2 =   Orc:2 **==!

Annotations:
D:8 2 transporters


Innate Abilities, Weirdness & Mutations

You have a pair of horns on your head.
You reflexively headbutt those who attack you in melee.


Message History

The wolf spider hits you but does no damage.
You block the wolf spider's attack.
You hit the jorogumo.
You feel better.
The jorogumo is severely wounded.
You completely miss the wolf spider.
You feel extremely sick. You block the wolf spider's attack.
The wolf spider barely misses you. You block the jorogumo's attack.
You miss the jorogumo. Your headbutt misses the jorogumo.
The jorogumo is severely wounded.
You slash the wolf spider!
You feel yourself speed up.
You feel very sick.
The wolf spider hits you but does no damage.
You block the wolf spider's attack. The jorogumo casts a spell at you.
The bolt of negative energy hits you!!
You feel drained.
* * * LOW HITPOINT WARNING * * *
The wolf spider hits you!
* * * LOW HITPOINT WARNING * * *
The wolf spider misses you.
The jorogumo stares at you and mumbles some strange words.
The stream of webbing hits you but does no damage.
You are caught in a web!
* * * LOW HITPOINT WARNING * * *
You feel very sick. You block the wolf spider's attack.
The wolf spider bites you but does no damage.
The jorogumo stares at you and mumbles some strange words.
The stream of webbing hits you but does no damage.
You are caught in a web!
The wolf spider barely misses you. The wolf spider bites you.
* * * LOW HITPOINT WARNING * * *
You feel better. The wolf spider hits you!
* * * LOW HITPOINT WARNING * * *
The wolf spider bites you.
* * * LOW HITPOINT WARNING * * *
The jorogumo casts a spell at you. The bolt of negative energy hits you!
You feel drained.
You die...

###########################
............#.#...........#
.............#^...........###
..#.....#...##.H@#...#.###..#
....#..........s..^#........#
)...##.#####................#
......^##.#..#.#...#..#....##
...#.....#..#..............#
.....#.###^^..#...#.##....##
#......# ######.###.#######
...#.^.## #...#.# ##
...^....## #.....# ###.


You could see a jorogumo and a wolf spider.

Vanquished Creatures
  Agnes (Spider:1)
  A reaper (IceCv)
  A broodmother (Spider:1)
  Josephine (Lair:4)
  Fannar (Lair:2)
  3 hydras (Lair:5)
  3 catoblepae
  A radroach (Spider:2)
  A boulder beetle (Spider:1)
  6 two-headed ogres
  11 death yaks
  2 demonic crawlers (Spider:1)
  5 orc high priests (Orc:2)
  4 skysharks
  A pharaoh ant (Spider:1)
  2 orb spiders (Spider:1)
  2 lindwurms (Lair:5)
  Pikel (D:5)
  2 orc knights (Orc:2)
  2 steelbarb worms (Spider:1)
  5 orc sorcerers (Orc:2)
  4 wolf spiders
  4 manticores
  6 elephants
  3 meliai (Spider:1)
  4 kobold blastminers
  An ice statue (IceCv)
  A torpor snail (Spider:1)
  A gargoyle (D:10)
  7 black mambas
  17 cane toads
  8 komodo dragons
  3 unseen horrors
  4 rime drakes
  4 trolls
  2 polar bears
  5 tarantellas (Spider:1)
  20 blink frogs
  2 hornets
  A jumping spider (Spider:1)
  A centaur simulacrum (D:12)
  5 slime creatures (D:12)
  2 shadows
  3 dire elephant simulacra (IceCv)
  5 wraiths
  A culicivora (Spider:1)
  A vampire (D:12)
  A wyvern (Lair:5)
  42 yaks
  2 steam dragons
  The ghost of Gadfly the Insei, an amateur DsMo (D:4)
  A death yak simulacrum (IceCv)
  2 wargs
  5 redbacks (Spider:1)
  5 basilisks
  2 harpy simulacra (IceCv)
  3 acid dragons
  7 water moccasins
  17 orc warriors
  An ice beast (D:7)
  2 black bears
  9 ogres
  17 wolves
  2 centaurs (D:7)
  A phantom (D:5)
  4 kobold brigands
  2 gnoll sergeants
  6 scorpions
  14 bullfrogs
  7 two-headed ogre simulacra (IceCv)
  4 cane toad simulacra (IceCv)
  3 wights
  9 killer bees (D:8)
  2 elephant simulacra (IceCv)
  A bombardier beetle (D:3)
  5 hounds
  31 orc priests
  A jelly (D:7)
  2 sleepcaps
  Jessica (D:2)
  4 iguanas
  35 orc wizards
  5 troll simulacra (IceCv)
  2 polar bear simulacra (IceCv)
  10 spriggan simulacra (IceCv)
  Robin (D:2)
  34 gnolls
  5 naga simulacra (IceCv)
  8 adders
  7 white imps
  9 ufetubi
  2 dart slugs
  A ribbon worm (Lair:3)
  62 orcs
  9 ball pythons
  8 endoplasms
  3 giant cockroaches (Lair:3)
  18 goblins
  9 hobgoblins
  9 jackals
  21 kobolds
  3 quokkas
  4 bats
  4 frilled lizards
  6 rats
662 creatures vanquished.

Vanquished Creatures (others)
  An orc wizard (Orc:2)
1 creature vanquished.

Grand Total: 663 creatures vanquished

Notes
Turn   | Place    | Note
-------+----------+-------------------------------------------
     0 | D:1      | Bobbunny the Minotaur Fighter began the quest for the Orb.
     0 | D:1      | Reached XP level 1. HP: 19/19 MP: 0/0
    17 | D:1      | Reached skill level 4 in Fighting
    17 | D:1      | Reached XP level 2. HP: 24/27 MP: 1/1
   370 | D:1      | Reached XP level 3. HP: 34/34 MP: 2/2
   668 | D:2      | Reached XP level 4. HP: 39/41 MP: 3/3
   689 | D:2      | Noticed Jessica
   697 | D:2      | Killed Jessica
   698 | D:2      | Reached skill level 5 in Fighting
   760 | D:2      | Found Akad's Jewellery Emporium.
   772 | D:2      | Noticed Robin
   793 | D:2      | Killed Robin
   948 | D:3      | Reached XP level 5. HP: 43/48 MP: 4/4
   985 | D:3      | Reached skill level 5 in Axes
  1031 | D:3      | Reached skill level 6 in Fighting
  1103 | D:3      | Reached XP level 6. HP: 35/57 MP: 5/5
  2122 | D:4      | Reached skill level 7 in Fighting
  2122 | D:4      | Reached XP level 7. HP: 38/66 MP: 6/6
  2367 | D:4      | Found a large runed translucent door.
  2367 | D:4      | Found a large runed translucent door.
  2368 | D:4      | Noticed Gadfly's ghost (amateur DsMo)
  2646 | D:4      | Killed Gadfly's ghost
  2650 | D:4      | Identified the staff "Hadd" {rC+ Str+2 Int+3 Stlth+ Ice}
  2847 | D:5      | Entered Level 5 of the Dungeon
  2876 | D:4      | Reached skill level 8 in Fighting
  3077 | D:5      | Found a staircase to the Ecumenical Temple.
  3081 | D:5      | Reached skill level 1 in Throwing
  3090 | D:5      | Reached XP level 8. HP: 74/75 MP: 7/7
  3099 | Temple   | Entered the Ecumenical Temple
  3118 | Temple   | Became a worshipper of Warmaster Okawaru
  3233 | D:5      | Noticed Pikel
  3251 | D:5      | Killed Pikel
  3251 | D:5      | Reached * piety under Okawaru
  3252 | D:5      | Reached skill level 9 in Fighting
  4044 | D:6      | Reached ** piety under Okawaru
  4045 | D:6      | Reached skill level 10 in Fighting
  4045 | D:6      | Reached XP level 9. HP: 64/85 MP: 8/8
  4474 | D:6      | Found an opulent altar of Gozag.
  4504 | D:6      | Found a glowing silver altar of Zin.
  4877 | D:7      | Reached skill level 1 in Dodging
  5335 | D:7      | Found a hazy altar of Hepliaklqana.
  5615 | D:8      | Reached skill level 10 in Axes
  5615 | D:8      | Reached skill level 5 in Throwing
  5647 | D:8      | Found a staircase to the Lair.
  5686 | D:8      | Noticed a troll
  5697 | D:8      | Killed a troll
  5935 | D:8      | Noticed an ancient zyme
  5936 | D:8      | Found a transporter.
  5938 | D:8      | Found a transporter.
  5938 | D:8      | Noticed a brown ugly thing
  6004 | D:8      | Reached *** piety under Okawaru
  6224 | D:8      | Reached skill level 11 in Fighting
  6526 | D:8      | Noticed a white ugly thing
  6529 | D:8      | Noticed a purple ugly thing
  6833 | D:8      | Reached XP level 10. HP: 96/96 MP: 9/9
  6861 | D:9      | Noticed a manticore
  6871 | D:9      | Killed a manticore
  7022 | D:9      | Reached **** piety under Okawaru
  7304 | D:9      | Noticed a two-headed ogre
  7337 | D:9      | Killed a two-headed ogre
  7338 | D:9      | Reached skill level 12 in Fighting
  7454 | D:9      | Paralysed by a hornet for 3 turns
  7520 | D:9      | Found a flagged portal.
  7548 | Bailey   | Entered a bailey
  8157 | D:9      | Noticed a two-headed ogre
  8159 | D:9      | Reached skill level 13 in Fighting
  8159 | D:9      | Reached skill level 5 in Invocations
  8159 | D:9      | Reached XP level 11. HP: 106/106 MP: 9/13
  8174 | D:9      | Killed a two-headed ogre
  8175 | D:9      | Reached skill level 14 in Fighting
  8422 | Lair:1   | Entered Level 1 of the Lair of Beasts
  8714 | Lair:1   | Noticed a catoblepas
  8741 | Lair:1   | Killed a catoblepas
  8873 | Lair:1   | Reached ***** piety under Okawaru
  8883 | Lair:1   | Reached skill level 15 in Fighting
  8883 | Lair:1   | Reached XP level 12. HP: 95/119 MP: 14/14
  8883 | Lair:1   | Reached skill level 16 in Fighting
  8883 | Lair:1   | Reached XP level 13. HP: 104/130 MP: 15/15
  9641 | Lair:1   | Reached skill level 5 in Armour
  9641 | Lair:1   | Reached skill level 5 in Shields
  9757 | Lair:1   | Received a gift from Okawaru
 10394 | D:10     | Entered Level 10 of the Dungeon
 10460 | D:10     | Reached skill level 5 in Dodging
 10463 | D:10     | Reached skill level 17 in Fighting
 11286 | Lair:2   | Noticed Fannar
 11350 | Lair:2   | Killed Fannar
 11355 | Lair:2   | Found a staircase to the Swamp.
 11436 | Lair:2   | Received a gift from Okawaru
 12005 | Lair:2   | Identified the +10 long sword "Murmur" {vamp, rPois Str-5
                  | Stlth+}
 12271 | Lair:2   | Reached skill level 18 in Fighting
 12305 | Lair:2   | Received a gift from Okawaru
 12309 | Lair:2   | Reached XP level 14. HP: 101/144 MP: 17/17
 12309 | Lair:2   | Reached skill level 19 in Fighting
 12309 | Lair:2   | Reached XP level 15. HP: 107/152 MP: 18/18
 12587 | Lair:2   | Found the +7 Kryia's mail coat {PotionHeal*2 rC+}
 12756 | Lair:3   | Found a hole to the Spider Nest.
 13589 | Lair:4   | Found a staircase to the Slime Pits.
 13614 | Lair:4   | Identified the ring "Muntuinn" {Int+6 Slay+2 Stlth+}
 13636 | Lair:4   | Noticed Josephine
 13714 | Lair:4   | Killed Josephine
 13949 | Lair:4   | Identified the +5 scale mail of Hyolosa {rElec Int+3}
 14123 | Lair:4   | Received a gift from Okawaru
 14185 | Lair:5   | Entered Level 5 of the Lair of Beasts
 14458 | D:8      | Identified a scroll of acquirement
 14459 | D:8      | Acquired a manual of Throwing
 14766 | D:11     | Found a staircase to the Orcish Mines.
 15650 | D:12     | Received a gift from Okawaru
 15824 | D:12     | Found a gate leading to a gauntlet.
 16081 | Orc:1    | Entered Level 1 of the Orcish Mines
 16448 | Orc:2    | Entered Level 2 of the Orcish Mines
 16448 | Orc:2    | Found Niepsa's General Store.
 16596 | Orc:2    | Paralysed by an orc sorcerer for 3 turns
 16671 | Orc:2    | Found a staircase to the Elven Halls.
 16729 | Orc:2    | Found Nerghed's Assorted Antiques.
 16754 | Orc:2    | Bought a scroll labelled VUPHUAKESE for 37 gold pieces
 16754 | Orc:2    | Bought a scintillating lead ring for 185 gold pieces
 16754 | Orc:2    | Identified the ring "Xeasymyg" {rF++ Will+ rCorr Int-3
                  | Stlth+} (You bought it in a shop on level 2 of the Orcish
                  | Mines)
 16765 | Orc:2    | Bought a scroll of teleportation for 45 gold pieces
 16793 | Orc:2    | Bought a +1 ring mail of poison resistance for 195 gold
                  | pieces
 16793 | Orc:2    | Bought a scroll of enchant weapon for 112 gold pieces
 16908 | Orc:2    | Found a frozen archway.
 16943 | IceCv    | Entered an ice cave
 18122 | Orc:2    | Reached skill level 20 in Fighting
 18351 | Orc:2    | Received a gift from Okawaru
 18803 | Orc:2    | Reached skill level 10 in Throwing
 18815 | Orc:2    | Found Nafyemn's Distillery.
 18815 | Orc:2    | Found Pycofy's Jewellery Shop.
 18816 | Orc:2    | Found Uhockeh's Jewellery Shop.
 18827 | Orc:2    | Found Peworar's Weapon Boutique.
 18849 | Orc:2    | Bought a potion of curing for 39 gold pieces
 18849 | Orc:2    | Bought a potion of curing for 39 gold pieces
 18849 | Orc:2    | Bought a potion of ambrosia for 104 gold pieces
 18849 | Orc:2    | Bought a potion of heal wounds for 65 gold pieces
 18849 | Orc:2    | Bought a potion of haste for 130 gold pieces
 18883 | Orc:2    | Bought an amulet of reflection for 360 gold pieces
 19784 | Lair:5   | Reached XP level 16. HP: 154/165 MP: 20/20
 19839 | Lair:5   | Received a gift from Okawaru
 19907 | Lair:5   | Found the +8 storm bow {elec, penet}
 20545 | Spider:1 | Entered Level 1 of the Spider Nest
 20545 | Spider:1 | Noticed Agnes
 20559 | Spider:1 | Killed Agnes
 20560 | Spider:1 | Reached skill level 21 in Fighting
 20751 | Spider:1 | Identified the +7 falchion of Biruvvaqe {venom, rF++}
 21065 | Spider:1 | Received a gift from Okawaru
 22130 | Spider:1 | HP: 5/152 [wolf spider (12)]
 22130 | Spider:1 | HP: 2/152 [wolf spider (3)]
 22130 | Spider:1 | Killed from afar by a jorogumo

Illustrated notes

Levels and vault maps discovered:
D:1:      mainiacjoe_arrival_oval_in_oval, layout_rooms, minmay_tromino_i2
D:2:      layout_basic, serial_shops, nicolae_shop_competitors_out_of_business,
          grunt_ministairs_10, st_stairs_1, uniq_robin, uniq_jessica
D:3:      layout_loops_cross, nicolae_concentric_dashed_squares_mild
D:4:      layout_loops_ring, ebering_ghost_disaster_area, kennysheep_diamond
D:5:      layout_basic, minmay_temple_entry_glass, uniq_pikel
D:6:      layout_cave_pools, mainiacjoe_overflow_alcove_2,
          mainiacjoe_overflow_tiny_flanked
D:7:      layout_loops_cross, nzn_hepliaklqana_mist_gate
D:8:      gammafunk_corrupted_shrine, layout_basic, lair_entry_dummy,
          nicolae_hexahallways, chequers_serial_rivers_marsh,
          minmay_unpleasant_kobolds
D:9:      layout_roguey, enter_bailey_5
D:10:     layout_gridville, kennysheep_path_1, kennysheep_cluttered_room
D:11:     layout_roguey, david_orc_1_choice
D:12:     layout_loops_ring, gauntlet_entry_generic
Temple:   compressed_dpeg_triangle_lava_temple
Lair:1:   layout_loops_ring, beast_lair_carwin_1
Lair:2:   layout_misc_corridors, minmay_swamp_entry_reptiles, uniq_fannar
Lair:3:   layout_chaotic_city, nicolae_spider_entry_non_spiders,
          serial_bayou_shore_b
Lair:4:   layout_cave_shapes, slime_entry_1, uniq_josephine
Lair:5:   hangedman_lair_in_review, layout_hall_layers
Spider:1: layout_spider_delve, uniq_agnes
Spider:2: layout_spider_delve, hangedman_spider_tarantella_strand
Orc:1:    layout_caves
Orc:2:    st_orc_mages, layout_diamond_mine, portal_ice_cave_entry_pillars_2,
          nicolae_orc_rockfall, guppyfry_orc_lava_fort

Skill      XL: |  1  2  3  4  5  6  7  8  9 10 11 12 13 14 15 16 |
---------------+-------------------------------------------------+-----
Fighting       | 4 5 6 7 8 10 11 13 15 16 18 19 20 21 | 21.8
Axes           | 3 4 5 6 8 9 10 13 14 16 18 | 18.0
Throwing       | 1 4 6 10 | 10.2
Dodging        | 3 5 |  5.3
Armour         | 4 9 11 | 11.2
Shields        | 4 5 7 |  7.0
Invocations    | 5 6 7 |  7.2

Action                     |  1- 3 |  4- 6 |  7- 9 | 10-12 | 13-15 | 16-18 || total
---------------------------+-------+-------+-------+-------+-------+-------++-------
  Melee: War axe           |    64 |   137 |   303 |   172 |  1137 |   180 ||  1993
         Headbutt          |     8 |    16 |    48 |    40 |   295 |    51 ||   458
         Morningstar       |       |       |       |       |       |     2 ||     2
  Throw: Dart              |       |     2 |    22 |    21 |    27 |       ||    72
         Boomerang         |       |       |       |       |    28 |    13 ||    41
         Javelin           |       |       |       |       |    16 |     3 ||    19
 Invoke: Heroism           |       |       |       |     4 |     4 |       ||     8
         Finesse           |       |       |       |       |       |     1 ||     1
    Use: Scroll            |       |     8 |     6 |       |    19 |       ||    33
         Potion            |       |       |     1 |     2 |     3 |     1 ||     7
   Stab: Petrified         |       |       |       |     3 |     1 |     1 ||     5
         Sleeping          |       |       |       |       |       |     3 ||     3
         Distracted        |       |       |       |       |       |     1 ||     1
         Petrifying        |       |       |       |       |       |     1 ||     1
 Armour: Scale mail        |    34 |   109 |   126 |       |   513 |    39 ||   821
         Plate armour      |       |       |   117 |   177 |   326 |       ||   620
         Skin              |       |       |    44 |       |       |       ||    44
         Ring mail         |       |       |       |       |       |   123 ||   123
  Dodge: Dodged            |    33 |    58 |   118 |    60 |   414 |    72 ||   755
  Block: Buckler           |    19 |    29 |    80 |    40 |   127 |       ||   295
         Kite shield       |       |       |       |       |   199 |   160 ||   359
         Reflection        |       |       |       |       |     2 |     1 ||     3
